General information
- name: BNet
- type: Ladder team game (AT/RT)
- host: Battle.net
- saver: MyPeonsAreHigh
map: DragonFalls
- players: 8
- length: 31:00
- speed: Fast
- version: 1.28 W3XP
- replay type: Public
» download(176 KB)
Players
team 1 (winner)
nobi (
green | 88 APM | 2742 actions | 31:00)
8 Blademaster
3 Wind Walk
3 Critical Strike
1 Bladestorm
1 Mirror Image
8 Shadow Hunter
3 Healing Wave
3 Hex
1 Big Bad Voodoo
1 Serpent Ward
5 Paladin
2 Holy Light
2 Devotion Aura
1 Resurrection
» actions
| Assign group hotkey | 23 | |
| Build / train | 114 | |
| Enter build submenu | 20 | |
| Enter hero's abilities submenu | 22 | |
| Give item / drop item | 13 | |
| Right click | 1043 | |
| Select / deselect | 292 | |
| Select group hotkey | 1071 | |
| Use ability | 144 | |
2742 total
» units
| Peon | 7 | |
| Grunt | 8 | |
| Shaman | 6 | |
| Tauren | 5 | |
| Troll Headhunter/Berserker | 5 | |
| Gryphon Rider | 6 | |
| Peasant | 5 | |
42 total
» upgrades
| Berserker Strength | 1 | |
| Shaman Training | 2 | |
| Armor | 2 | |
| Pillage | 1 | |
| Reinforced Defenses | 1 | |
| Pulverize | 2 | |
9 total
» buildings
| Altar of Storms | 1 | |
| Orc Burrow | 5 | |
| Voodoo Lounge | 1 | |
| Barracks | 1 | |
| Stronghold | 1 | |
| War Mill | 1 | |
| Fortress | 1 | |
| Spirit Lodge | 1 | |
| Tauren Totem | 2 | |
| Scout Tower | 4 | |
| Town Hall | 1 | |
| Guard Tower | 2 | |
| Great Hall | 1 | |
22 total
» build order
00:08 Altar of Storms
00:22 Orc Burrow
00:55 Voodoo Lounge
01:33 Barracks
01:51 Orc Burrow
02:52 Stronghold
05:00 War Mill
05:01 Orc Burrow
05:30 Fortress
06:30 Spirit Lodge
09:22 Tauren Totem
09:24 Tauren Totem
10:17 Orc Burrow
10:23 Orc Burrow
26:22 Scout Tower
26:24 Scout Tower
26:27 Town Hall
26:33 Scout Tower
26:35 Scout Tower
26:56 Guard Tower
27:16 Guard Tower
28:55 Great Hall
» items
| Lesser Clarity Potion | 6 | |
| Healing Salve | 2 | |
| Boots of Speed | 2 | |
| Scroll of Town Portal | 6 | |
| Potion of Mana | 7 | |
| Scroll of Speed | 2 | |
| Potion of Healing | 3 | |
| Orb of Lightning | 1 | |
| Potion of Lesser Invulnerability | 3 | |
32 total

»
DirtyJewfeld (
purple | 42 APM | 1308 actions | 31:00)
5 Blademaster
2 Wind Walk
3 Critical Strike
1 Shadow Hunter
1 Healing Wave
1 Dreadlord
1 Inferno
» actions
| Basic commands | 8 | |
| Build / train | 83 | |
| Enter build submenu | 27 | |
| Enter hero's abilities submenu | 7 | |
| Give item / drop item | 1 | |
| Remove unit from queue | 1 | |
| Right click | 667 | |
| Select / deselect | 417 | |
| Use ability | 97 | |
1308 total
» units
| Peon | 10 | |
| Grunt | 6 | |
| Shaman | 4 | |
| Tauren | 3 | |
| Acolyte | 6 | |
| Ghoul | 4 | |
| Necromancer | 6 | |
| Abomination | 11 | |
| Frost Wyrm | 4 | |
54 total
» upgrades
| Berserker Strength | 1 | |
| Shaman Training | 2 | |
| Pulverize | 1 | |
| Freezing Breath | 1 | |
5 total
» buildings
| Altar of Storms | 1 | |
| Orc Burrow | 6 | |
| Barracks | 1 | |
| Voodoo Lounge | 1 | |
| Stronghold | 1 | |
| War Mill | 1 | |
| Fortress | 2 | |
| Spirit Lodge | 1 | |
| Watch Tower | 2 | |
| Tauren Totem | 2 | |
| Ziggurat | 3 | |
| Sacrificial Pit | 1 | |
| Nerubian Tower | 1 | |
| Graveyard | 1 | |
| Boneyard | 5 | |
29 total
» build order
00:38 Altar of Storms
00:55 Orc Burrow
01:10 Barracks
02:15 Voodoo Lounge
02:21 Orc Burrow
02:38 Orc Burrow
06:13 Stronghold
06:16 War Mill
06:21 Orc Burrow
07:20 Orc Burrow
09:27 Fortress
09:27 Fortress
09:32 Spirit Lodge
09:57 Watch Tower
10:00 Watch Tower
13:05 Tauren Totem
13:06 Tauren Totem
14:14 Orc Burrow
21:43 Ziggurat
21:45 Ziggurat
22:43 Sacrificial Pit
22:46 Ziggurat
22:50 Nerubian Tower
22:55 Graveyard
25:57 Boneyard
25:58 Boneyard
26:00 Boneyard
26:03 Boneyard
26:07 Boneyard
» items
| Healing Salve | 2 | |
| Lesser Clarity Potion | 5 | |
| Scroll of Speed | 1 | |
8 total
KillMeNow420 (
pink | 35 APM | 653 actions | 18:53)
5 Dreadlord
3 Vampiric Aura
2 Sleep
» actions
| Basic commands | 17 | |
| Build / train | 93 | |
| Enter build submenu | 20 | |
| Enter hero's abilities submenu | 5 | |
| Give item / drop item | 2 | |
| Remove unit from queue | 3 | |
| Right click | 258 | |
| Select / deselect | 203 | |
| Use ability | 52 | |
653 total
» units
| Acolyte | 8 | |
| Ghoul | 9 | |
| Gargoyle | 30 | |
| Necromancer | 15 | |
| Obsidian Statue | 3 | |
65 total
» upgrades
| Necromancer Training | 2 | |
| Unholy Strength | 1 | |
| Unholy Armor | 0 | |
| Creature Attack | 2 | |
| Creature Carapace | 1 | |
6 total
» buildings
| Ziggurat | 8 | |
| Crypt | 2 | |
| Altar of Darkness | 1 | |
| Graveyard | 1 | |
| Halls of the Dead | 1 | |
| Necropolis | 1 | |
| Temple of the Damned | 1 | |
| Tomb of Relics | 1 | |
| Black Citadel | 1 | |
| Slaughterhouse | 1 | |
| Spirit Tower | 2 | |
| Nerubian Tower | 3 | |
23 total
» build order
00:10 Ziggurat
00:16 Crypt
00:44 Ziggurat
00:59 Altar of Darkness
01:45 Graveyard
03:25 Halls of the Dead
04:55 Necropolis
06:05 Ziggurat
06:14 Crypt
06:20 Ziggurat
07:06 Temple of the Damned
07:46 Ziggurat
08:00 Tomb of Relics
08:03 Black Citadel
13:36 Slaughterhouse
13:40 Ziggurat
16:22 Spirit Tower
16:24 Spirit Tower
16:55 Ziggurat
17:05 Ziggurat
18:12 Nerubian Tower
18:15 Nerubian Tower
18:27 Nerubian Tower
» items
| Potion of Healing | 4 | |
| Scroll of Town Portal | 1 | |
| Orb of Corruption | 1 | |
6 total
1-800-noob (
blue | 26 APM | 524 actions | 19:50)
2 Paladin
1 Divine Shield
1 Devotion Aura
» actions
| Assign group hotkey | 2 | |
| Basic commands | 3 | |
| Build / train | 50 | |
| Enter build submenu | 28 | |
| Enter hero's abilities submenu | 2 | |
| Remove unit from queue | 3 | |
| Right click | 204 | |
| Select / deselect | 190 | |
| Select group hotkey | 11 | |
| Use ability | 31 | |
524 total
» units
» upgrades
| Lumber Harvesting | 1 | |
| Swords | 3 | |
| Storm Hammers | 1 | |
| Armor | 2 | |
7 total
» buildings
| Altar of Kings | 1 | |
| Farm | 16 | |
| Scout Tower | 3 | |
| Keep | 1 | |
| Lumber Mill | 3 | |
| Castle | 1 | |
| Gryphon Aviary | 2 | |
| Town Hall | 1 | |
| Guard Tower | 1 | |
| Blacksmith | 1 | |
30 total
» build order
00:05 Altar of Kings
00:37 Farm
01:21 Farm
01:43 Scout Tower
01:57 Farm
02:03 Keep
02:24 Lumber Mill
02:36 Farm
03:19 Farm
03:55 Farm
04:02 Scout Tower
04:26 Castle
04:34 Farm
04:57 Gryphon Aviary
05:27 Gryphon Aviary
05:44 Farm
06:21 Farm
06:46 Scout Tower
06:58 Farm
07:42 Farm
08:26 Farm
09:00 Town Hall
09:18 Farm
09:21 Farm
09:51 Guard Tower
10:06 Farm
10:52 Farm
11:10 Blacksmith
12:30 Lumber Mill
12:55 Lumber Mill
team 2 (loser)
MyPeonsAreHigh (
yellow | 11 APM | 349 actions | 31:00)
» actions
| Assign group hotkey | 2 | |
| Basic commands | 109 | |
| Right click | 109 | |
| Select / deselect | 125 | |
| Use ability | 4 | |
349 total

»
TRUMPYEA (
red | 26 APM | 804 actions | 30:51)
6 Tauren Chieftain
2 Shockwave
3 Endurance Aura
1 Reincarnation
4 Shadow Hunter
2 Healing Wave
2 Hex
2 Paladin
1 Holy Light
1 Divine Shield
» actions
| Basic commands | 13 | |
| Build / train | 93 | |
| Enter build submenu | 33 | |
| Enter hero's abilities submenu | 13 | |
| Give item / drop item | 5 | |
| Right click | 177 | |
| Select / deselect | 383 | |
| Use ability | 87 | |
804 total
» units
| Peon | 26 | |
| Grunt | 12 | |
| Tauren | 6 | |
| Shaman | 7 | |
| Goblin Shredder | 1 | |
52 total
» upgrades
| Melee Weapons | 2 | |
| Armor | 2 | |
| Berserker Strength | 1 | |
| Shaman Training | 2 | |
| Pillage | 1 | |
| Pulverize | 1 | |
| Witch Doctor Training | 1 | |
10 total
» buildings
| Orc Burrow | 12 | |
| Barracks | 1 | |
| Altar of Storms | 1 | |
| Voodoo Lounge | 1 | |
| Great Hall | 4 | |
| Stronghold | 2 | |
| War Mill | 1 | |
| Fortress | 1 | |
| Spirit Lodge | 1 | |
| Tauren Totem | 2 | |
| Watch Tower | 6 | |
32 total
» build order
00:15 Orc Burrow
00:26 Barracks
01:13 Orc Burrow
01:34 Altar of Storms
02:22 Voodoo Lounge
02:36 Great Hall
03:33 Stronghold
03:40 Orc Burrow
04:54 War Mill
06:38 Great Hall
07:06 Fortress
08:43 Spirit Lodge
08:58 Orc Burrow
10:17 Tauren Totem
10:22 Orc Burrow
11:27 Orc Burrow
12:21 Tauren Totem
12:27 Orc Burrow
15:30 Watch Tower
15:33 Watch Tower
15:36 Watch Tower
17:20 Orc Burrow
17:51 Great Hall
20:37 Orc Burrow
21:22 Great Hall
21:37 Orc Burrow
22:35 Orc Burrow
25:22 Orc Burrow
26:38 Watch Tower
26:42 Watch Tower
26:44 Stronghold
26:55 Watch Tower
» items
| Healing Salve | 4 | |
| Periapt of Vitality | 2 | |
| Circlet of Nobility | 2 | |
| Scroll of Town Portal | 2 | |
| Lesser Clarity Potion | 2 | |
| Scroll of Regeneration | 1 | |
| Orb of Lightning | 1 | |
14 total
xFury001 (
teal | 125 APM | 2957 actions | 23:43)
7 Archmage
3 Summon Water Elemental
3 Brilliance Aura
1 Mass Teleport
7 Mountain King
3 Storm Bolt
3 Thunder Clap
1 Avatar
» actions
| Assign group hotkey | 39 | |
| Basic commands | 68 | |
| Build / train | 103 | |
| ESC pressed | 1 | |
| Enter build submenu | 27 | |
| Enter hero's abilities submenu | 15 | |
| Right click | 1339 | |
| Select / deselect | 693 | |
| Select group hotkey | 485 | |
| Use ability | 187 | |
2957 total
» units
| Peasant | 23 | |
| Footman | 4 | |
| Rifleman | 17 | |
| Priest | 3 | |
| Sorceress | 5 | |
52 total
» upgrades
| Gunpowder | 2 | |
| Long Rifles | 1 | |
| Masonry | 1 | |
| Priest Training | 1 | |
| Sorceress Training | 1 | |
6 total
» buildings
| Altar of Kings | 1 | |
| Barracks | 2 | |
| Farm | 15 | |
| Town Hall | 2 | |
| Arcane Vault | 1 | |
| Blacksmith | 1 | |
| Keep | 1 | |
| Lumber Mill | 1 | |
| Arcane Sanctum | 2 | |
| Castle | 2 | |
| Scout Tower | 5 | |
33 total
» build order
00:15 Altar of Kings
00:21 Barracks
00:35 Farm
00:50 Farm
02:02 Farm
03:07 Farm
03:21 Town Hall
03:41 Arcane Vault
04:46 Barracks
04:49 Blacksmith
06:01 Farm
07:06 Keep
07:09 Farm
10:59 Farm
11:02 Farm
11:03 Farm
11:05 Farm
11:06 Farm
11:08 Farm
11:09 Farm
11:41 Lumber Mill
12:54 Arcane Sanctum
12:55 Arcane Sanctum
17:06 Farm
17:06 Farm
18:58 Castle
18:58 Castle
21:53 Town Hall
21:53 Scout Tower
21:54 Scout Tower
21:54 Scout Tower
21:54 Scout Tower
21:55 Scout Tower
» items
| Lesser Clarity Potion | 4 | |
| Scroll of Regeneration | 4 | |
| Scroll of Town Portal | 2 | |
| Potion of Healing | 2 | |
| Mechanical Critter | 2 | |
14 total
orcarmy (
orange | 24 APM | 561 actions | 23:51)
3 Mountain King
2 Thunder Clap
1 Storm Bolt
» actions
| Basic commands | 6 | |
| Build / train | 73 | |
| Enter build submenu | 20 | |
| Enter hero's abilities submenu | 3 | |
| Right click | 203 | |
| Select / deselect | 211 | |
| Use ability | 45 | |
561 total
» units
| Peasant | 9 | |
| Footman | 15 | |
| Rifleman | 26 | |
50 total
» upgrades
| Armor | 2 | |
| Gunpowder | 2 | |
| Plating | 1 | |
| Swords | 1 | |
| Masonry | 1 | |
| Long Rifles | 1 | |
8 total
» buildings
| Farm | 10 | |
| Altar of Kings | 1 | |
| Barracks | 2 | |
| Blacksmith | 1 | |
| Arcane Vault | 1 | |
| Keep | 1 | |
| Lumber Mill | 1 | |
| Workshop | 1 | |
| Town Hall | 1 | |
19 total
» build order
00:23 Farm
00:32 Altar of Kings
01:01 Farm
01:25 Barracks
01:42 Farm
02:34 Barracks
02:43 Blacksmith
03:07 Farm
05:05 Arcane Vault
05:23 Farm
06:03 Farm
06:08 Farm
06:52 Farm
08:57 Farm
09:43 Farm
11:56 Keep
12:45 Lumber Mill
17:46 Workshop
20:52 Town Hall
» items
| Scroll of Regeneration | 5 | |
| Lesser Clarity Potion | 4 | |
| Scroll of Town Portal | 1 | |
10 total
Chat log
(00:37 / Allies) TRUMPYEA: units?
(00:41 / Allies) xFury001: rifles sorcs
(00:56 / Allies) TRUMPYEA: tauran caster
(01:43 / Allies) TRUMPYEA: wtf
(01:50 / Allies) TRUMPYEA: rush?
(02:12 / Allies) orcarmy: theres a few fuckwits going around on here
(02:17 / Allies) orcarmy: i think its the same guy
(02:22 / Allies) orcarmy: some chook fucker
(02:42 / Allies) TRUMPYEA: well im gonna take his mine
(03:50 / Allies) MyPeonsAreHigh: why would you walk all the way up there
(03:54 / Allies) MyPeonsAreHigh: to try to kill that with an mk
(04:01 / Allies) orcarmy: cos ur a fucking cocksucker
(04:05 / Allies) MyPeonsAreHigh: retard lol
(04:05 / Allies) orcarmy: get the fuck out of here
(04:15 / Allies) orcarmy: you piece of shit
(04:19 / Allies) xFury001: :(
(04:25 / Allies) MyPeonsAreHigh: look at this nonce
(04:41 / Allies) MyPeonsAreHigh: noob
(05:28 / Allies) MyPeonsAreHigh: orange is 23-34
(05:31 / Allies) MyPeonsAreHigh: for good reason
(05:41 / Allies) orcarmy: dnt trust yellow
(05:45 / Allies) orcarmy: he will fuck us over
(05:48 / Allies) orcarmy: team kill his ass
(05:52 / Allies) MyPeonsAreHigh: lol
(06:03 / Allies) MyPeonsAreHigh: you'd be better off creeping you dumbfuck
(06:21 / Allies) orcarmy: get off my map you scum
(06:26 / Allies) MyPeonsAreHigh: watch him march his shit up there
(06:27 / Allies) MyPeonsAreHigh: lol
(06:29 / Allies) MyPeonsAreHigh: what a dumb newbie
(06:38 / Allies) MyPeonsAreHigh: he got surrounded by 4 militia
(06:42 / Allies) MyPeonsAreHigh: and had to tp out a level 1 hero lol
(06:43 / Allies) orcarmy: by by
(06:46 / Allies) TRUMPYEA: oj just creep and level up
(06:49 / Allies) MyPeonsAreHigh: it woulkd have been cheaper to let it die lmao
(07:12 / Allies) MyPeonsAreHigh: tehre is 0 point in halling me lol
(08:24 / Allies) orcarmy: keep trying ur shit yellow u noob cunt
(08:28 / Allies) MyPeonsAreHigh: lol
(08:40 / Allies) MyPeonsAreHigh: you shouldn't call anyone else a noob
(08:59 / Allies) MyPeonsAreHigh: lol
(09:02 / Allies) orcarmy: i call u noob
(09:02 / Allies) MyPeonsAreHigh: look at him chasing me
(09:03 / Allies) MyPeonsAreHigh: lol
(09:07 / Allies) orcarmy: fucking retard
(09:12 / Allies) MyPeonsAreHigh: you got surrounded by 4 militia and tped out a level 1 h ero
(09:13 / Allies) MyPeonsAreHigh: lol
(09:21 / Allies) MyPeonsAreHigh: 350 costs more than 170
(09:25 / Allies) MyPeonsAreHigh: and you bought health
(09:36 / All) MyPeonsAreHigh: ORANGE IS ATTACKING BOTTOM
(09:45 / All) 1-800-noob: omw
(09:45 / All) MyPeonsAreHigh: THE MANIAC IS NEAR YOU PURPLE
(09:58 / Allies) TRUMPYEA: commin teal
(10:00 / All) MyPeonsAreHigh: WATCH OUT PURPLE
(10:24 / Allies) xFury001: buy a tp and go
(10:38 / Allies) TRUMPYEA: k
(10:44 / Allies) MyPeonsAreHigh: orange doesn't have a tp
(10:46 / Allies) MyPeonsAreHigh: he spent it lol
(10:58 / Allies) MyPeonsAreHigh: he is chasing pink hero lol
(11:02 / Allies) MyPeonsAreHigh: noob as fuck
(11:10 / Allies) TRUMPYEA: commin oj
(11:26 / All) MyPeonsAreHigh: he spent his tp tping out lvl 1 hero from being surrounded
(11:28 / All) MyPeonsAreHigh: by 4 militia
(11:29 / All) MyPeonsAreHigh: FOUR
(11:31 / Allies) xFury001: red back to me
(11:43 / Allies) orcarmy: fucckkkkkkkkk offf yellow u noooooobbbbbb
(11:52 / All) MyPeonsAreHigh: and has the audacity to call others noob
(11:55 / Allies) xFury001: back to me please
(12:05 / All) 1-800-noob: you sound like your mad cuz you just realized you lost
(12:07 / Allies) TRUMPYEA: im b
(12:15 / All) 1-800-noob: but you should have realized that a while ago
(12:16 / Allies) TRUMPYEA: tauran pumping
(12:18 / Allies) xFury001: why?
(12:42 / All) MyPeonsAreHigh: what are you talking about idiot?
(12:55 / Allies) orcarmy: stop looking at stats
(12:59 / Allies) orcarmy: look at this game'
(13:05 / Allies) orcarmy: you acted like a child
(13:13 / Allies) orcarmy: and were booted up the ass like one
(13:16 / All) MyPeonsAreHigh: he is mad because I my peasants got into some bath salt
(13:20 / Allies) orcarmy: now fuck off stop wasting my time
(13:24 / Allies) TRUMPYEA: lumber?
(13:29 / Allies) MyPeonsAreHigh: orange you got raped because you didn't have aa tp
(13:31 / Allies) MyPeonsAreHigh: chasing my peons lol
(14:08 / Allies) TRUMPYEA: commin to you teal
(14:14 / Allies) orcarmy: blue lets hit purp
(14:18 / Allies) xFury001: kk
(14:33 / Allies) xFury001: oh fuck
(14:35 / Allies) TRUMPYEA: need mass aa
(14:36 / All) 1-800-noob: NO EXPO FOR YOU
(14:37 / Allies) TRUMPYEA: top
(14:42 / Allies) xFury001: we got rifles
(14:52 / Allies) xFury001: :/
(14:56 / Allies) MyPeonsAreHigh: are those rifles guarding the shop?
(15:13 / Allies) MyPeonsAreHigh: don't worry guys, only our side can access this shop
(15:27 / Allies) MyPeonsAreHigh: don't try to hall
(15:30 / Allies) MyPeonsAreHigh: noob
(15:32 / Allies) MyPeonsAreHigh: you son't get it
(15:45 / Allies) TRUMPYEA: aa go
(15:46 / All) 1-800-noob: LOL RED
(15:47 / All) 1-800-noob: WTF
(15:49 / All) 1-800-noob: NO DEFENSE?
(15:57 / Allies) MyPeonsAreHigh: thanks to orange I'm now 3-1
(16:11 / Allies) xFury001: PINK IS Trash
(16:16 / Allies) MyPeonsAreHigh: haha orange
(16:17 / Allies) MyPeonsAreHigh: haha
(16:18 / All) 1-800-noob: BYEE RED
(16:22 / All) 1-800-noob: NEXT TIME GET DEFENSE
(16:25 / Allies) MyPeonsAreHigh: my peasants are alive and trippin balls
(16:27 / Allies) TRUMPYEA: teal tp to me
(16:43 / Allies) TRUMPYEA: god fucking whole noob team
(16:49 / All) MyPeonsAreHigh: blue is happy he's "dominating" a 3v4 with tier 3 air
(16:51 / Allies) xFury001: better to take out 2
(17:01 / All) DirtyJewfeld: lol blue is haopy letting me dir
(17:05 / All) DirtyJewfeld: like a fuckinf retard
(17:07 / All) MyPeonsAreHigh: he doesn't get the chance often to feel powerful, in this game he's 30-44, in irl he has titties
(17:55 / All) 1-800-noob: BYEEEE J
(17:57 / All) 1-800-noob: BYEEE OJ
(18:02 / Allies) MyPeonsAreHigh: might awnt to repair that orange
(18:03 / Allies) TRUMPYEA: someone has to take out blue
(18:33 / Allies) MyPeonsAreHigh: orange is about to lose his hero
(18:35 / Allies) MyPeonsAreHigh: and troops
(18:36 / Allies) MyPeonsAreHigh: he has no tp
(18:49 / All) 1-800-noob: BYEEE TEAL
(19:21 / All) 1-800-noob: wow my team sucks
(19:22 / All) 1-800-noob: wtf
(19:25 / All) 1-800-noob: gg
(19:43 / Allies) MyPeonsAreHigh: shoulda bought a tp red
(19:46 / Allies) MyPeonsAreHigh: red better get out of there
(19:54 / Allies) MyPeonsAreHigh: lmao
(19:56 / Allies) xFury001: wait theyre quitting too?
(19:57 / Allies) xFury001: lol
(20:04 / Allies) xFury001: red will your hero live?
(20:06 / Allies) MyPeonsAreHigh: no
(20:08 / Allies) xFury001: you have reincar?
(20:10 / Allies) MyPeonsAreHigh: he used it already
(20:19 / Allies) MyPeonsAreHigh: aand he didn't have a tp
(20:23 / Allies) TRUMPYEA: you let blue take us all out
(20:27 / Allies) MyPeonsAreHigh: lol
(20:29 / Allies) orcarmy: gold plz
(20:30 / Allies) orcarmy: 200
(20:33 / Allies) MyPeonsAreHigh: was my advice bad?
(20:39 / Allies) MyPeonsAreHigh: you had no tp, used up reincarnation
(20:47 / Allies) TRUMPYEA: no shit
(20:49 / Allies) MyPeonsAreHigh: give him some lumber to get his hero aback
(20:57 / Allies) MyPeonsAreHigh: he has no lumber teal
(21:01 / Allies) xFury001: who
(21:02 / Allies) xFury001: red
(21:02 / Allies) MyPeonsAreHigh: red
(21:10 / Allies) MyPeonsAreHigh: orange is irrelevant
(21:15 / Allies) MyPeonsAreHigh: he just feeds them higher levels
(21:46 / Allies) MyPeonsAreHigh: get a second shop to get more critters
(21:48 / Allies) xFury001: need to put my mass tp to work
(21:50 / Allies) MyPeonsAreHigh: and start putting them at expansions
(21:54 / Allies) MyPeonsAreHigh: you have mass tp so abuse it
(21:58 / Allies) MyPeonsAreHigh: back up
(22:02 / Allies) MyPeonsAreHigh: looks like this is game over
(22:06 / Allies) xFury001: yeah
(22:10 / Allies) MyPeonsAreHigh: blue was a retard and could have ended the game a lot sooner
(22:12 / Allies) MyPeonsAreHigh: if he tped
(22:19 / Allies) MyPeonsAreHigh: they're stronger now that he quit
(22:46 / Allies) orcarmy: red tp to blue
(22:48 / Allies) MyPeonsAreHigh: do you have ult on mk?
(22:54 / Allies) xFury001: no
(22:55 / Allies) xFury001: cd
(23:13 / All) DirtyJewfeld: gg
(23:15 / Allies) MyPeonsAreHigh: I think you guys could have won 3v4 if orange wasn't straight up trash
(23:21 / Allies) xFury001: we may have
(23:22 / All) DirtyJewfeld: so happy blue left lol
(23:27 / All) xFury001: LOL
(23:29 / Allies) TRUMPYEA: yellow why are you a faggot
(23:38 / Allies) MyPeonsAreHigh: I'm straight, ask your mom
(23:47 / Allies) TRUMPYEA: you are a total duechebag
(23:51 / Allies) MyPeonsAreHigh: those screams at night are caused by me bud
(24:00 / Allies) TRUMPYEA: moms dead but thanks
(24:08 / Allies) MyPeonsAreHigh: I know I choked her too hard
(24:17 / Allies) MyPeonsAreHigh: but if you find a medium she'll tell you, best sex of her life
(24:24 / Allies) TRUMPYEA: god you are a total waste of breath on this earth
(24:39 / Allies) TRUMPYEA: yoyu are a load your mom shoulda swallowed
(24:42 / Allies) MyPeonsAreHigh: That's rather rude, don't you think?
(24:52 / Allies) TRUMPYEA: not for your faggot ass
(25:01 / Allies) MyPeonsAreHigh: What have I done to cause such offense?
(25:13 / Allies) TRUMPYEA: you are a full fledge retard arnt you
(25:30 / Allies) MyPeonsAreHigh: I have an IQ of 87, decidedly NOT retarded thank you very much
(25:39 / Allies) TRUMPYEA: doubt it
(25:52 / Allies) MyPeonsAreHigh: Well it beats yours but I think it's in the realm of possibilities
(26:19 / Allies) TRUMPYEA: just a sad life you have to come one a 14 year old game and be a faggot troll
(26:44 / Allies) MyPeonsAreHigh: is it any sadder than yours caring about your record in said 14 year old game? *15
(27:04 / Allies) TRUMPYEA: man just a worthless human
(27:09 / Allies) MyPeonsAreHigh: yes you are
(27:19 / Allies) TRUMPYEA: wow good come back
(27:20 / Allies) TRUMPYEA: fag
(27:21 / Allies) MyPeonsAreHigh: look if you didn't lose tc
(27:26 / Allies) MyPeonsAreHigh: you could have won that battle with teal
(27:34 / Allies) MyPeonsAreHigh: but your newbie ass didn't bring a tp
(28:18 / All) MyPeonsAreHigh: now he is gonna lose bor
(28:20 / All) MyPeonsAreHigh: doing stomps and shit
(28:27 / All) DirtyJewfeld: lol
(28:29 / All) MyPeonsAreHigh: bor could have lived MAAAN
(28:29 / All) DirtyJewfeld: thats what u think
(28:33 / All) TRUMPYEA: thank faggot yellow for the win
(28:34 / All) DirtyJewfeld: i did that for jokes
(28:38 / All) MyPeonsAreHigh: thank orange
(28:43 / All) MyPeonsAreHigh: and red
(28:46 / All) MyPeonsAreHigh: I told him to run his TC out
(28:53 / All) MyPeonsAreHigh: he didn't have tp and used reincarnation
(28:57 / All) MyPeonsAreHigh: but he thought he'd get those towers first
(28:59 / All) MyPeonsAreHigh: then he got raped
(29:01 / All) TRUMPYEA: dude your the troll who just comes and talks shit and doesnt play
(29:06 / All) MyPeonsAreHigh: so what
(29:08 / All) TRUMPYEA: what a worthless life you live
(29:14 / All) MyPeonsAreHigh: I was 3-0 before I got you guys as a team!
(29:17 / All) TRUMPYEA: just a sad pathetic life
(29:27 / All) TRUMPYEA: pathetic human
(29:36 / All) TRUMPYEA: hope you hang yourself or get hit hit by a bus
(29:37 / All) MyPeonsAreHigh: he's crying over a 15 yo game, and calling me sad because I don't care about it
(29:45 / All) MyPeonsAreHigh: what a baby back bitch
(29:51 / All) DirtyJewfeld: if u dont care dont play
(29:56 / All) MyPeonsAreHigh: I do care
(29:56 / All) TRUMPYEA: so if you dont care about it why do you even play
(29:57 / All) DirtyJewfeld: u just ruin the gmae for others
(29:58 / All) TRUMPYEA: faggot
(29:59 / All) MyPeonsAreHigh: I kept my peasants alive
(30:04 / All) MyPeonsAreHigh: Orange was trying to murder them
(30:09 / All) TRUMPYEA: hope you get murdered
(30:17 / All) MyPeonsAreHigh: That's shockingly rude
(30:34 / All) TRUMPYEA: would save some breath on this earth for a better person
(30:51 / All) MyPeonsAreHigh: Plants breathe the co2 and produce oxygen
(30:54 / All) MyPeonsAreHigh: no need to save any of it